 Dungeon Crawl Stone Soup version 0.30-a0-908-g5a111fc481 (webtiles) character file.

Game seed: 11191571476823593588

44 sanka the Chopper (level 3, 0/33 HPs)
             Began as a Hill Orc Monk on Mar 20, 2023.
             Slain by Robin
             ... wielding a +0 falchion
              (5 damage)
             ... on level 2 of the Dungeon.
             The game lasted 00:01:31 (977 turns).

sanka the Chopper (Hill Orc Monk)                    Turns: 977, Time: 00:01:32

Health: 0/33       AC:  4    Str: 15    XL:     3   Next: 60%
Magic:  3/3        EV: 12    Int: 10    God:
Gold:   99         SH:  0    Dex: 13    Spells: 2/2 levels left

rFire   . . .      SeeInvis +    a - +0 hand axe
rCold   + . .      Faith    .    (no shield)
rNeg    . . .      Spirit   .    i - +1 leather armour {rC+}
rPois   .          Reflect  .    (no helmet)
rElec   .          Rampage  .    (no cloak)
rCorr   .                        (no gloves)
Will    .....                    (no boots)
Stlth   ++                       (no amulet)
HPRegen 0.25/turn                (no ring)
MPRegen 0.08/turn                d - ring of see invisible

@: no status effects
A: no striking features
a: no special abilities


You were on level 2 of the Dungeon.
You visited 1 branch of the dungeon, and saw 2 of its levels.

You collected 99 gold pieces.


   Skills:
 + Level 4.2 Fighting
 * Level 5.4 Axes
 - Level 2.4 Dodging
 - Level 1.5 Stealth


You had 2 spell levels left.
You didn't know any spells.
Your spell library was empty.

Inventory:

Hand Weapons
 a - a +0 hand axe (weapon)
Armour
 i - a +1 leather armour of cold resistance (worn)
Jewellery
 d - a ring of see invisible (right hand)
Scrolls
 b - a scroll of butterflies {unknown}
 e - a scroll of noise {unknown}
 f - a scroll of silence {unknown}
 h - a scroll of poison {unknown}
 k - 2 scrolls of magic mapping {unknown}
 l - a scroll of fog {unknown}
Potions
 g - a potion of heal wounds {unknown}
 j - 2 potions of berserk rage {unknown}

Dungeon Overview and Level Annotations

Branches:
Dungeon (2/15)

Altars:

Annotations:
D:2 Robin

▒▒g▒)▒▒▒▒▒▒
▒.....g...▒
▒.g▒▒▒▒▒▒.▒
▒..▒▒▒▒ ▒.▒
▒.....▒▒▒g▒
▒....g....▒
▒.▒▒▒g▒▒▒.▒▒
▒.▒▒▒.g....▒
▒...gog...▒▒
▒.▒▒▒▒▒▒▒.▒
▒.▒▒▒▒▒▒▒.▒
▒.........▒
▒.▒▒▒▒▒.▒▒▒
........▒▒▒▒
..▒▒.......▒
........▒▒▒▒
.▒▒▒.▒▒.▒
▒▒▒


You could see Robin, a hobgoblin (strong) and 3 goblins.


Message History

You hit the hobgoblin.
Robin roars a battlecry!
The hobgoblin hits you but does no damage.
The hobgoblin hits you.
* * * LOW HITPOINT WARNING * * *
You hear a shout!
You hear a shout!
You barely miss Robin.
Robin is almost dead.
You closely miss the hobgoblin. You hit the hobgoblin.
You kill the hobgoblin!
The hobgoblin hits you.
* * * LOW HITPOINT WARNING * * *
Robin hits you but does no damage.
You closely miss Robin.
Robin is almost dead.
You closely miss the hobgoblin.
A goblin comes into view. It is wielding a +0 dagger.
The hobgoblin closely misses you.
A goblin comes into view. It is wielding a +0 dagger.
Robin hits you but does no damage.
Unknown command.
You barely miss Robin.
Robin is almost dead.
You hit the goblin. You hit the hobgoblin but do no damage.
The goblin closely misses you. Robin hits you with a +0 falchion.
You die...

Action                     || total
---------------------------++-------
  Melee: Hand axe          ||    81
    Use: Potion            ||     1
   Stab: Sleeping          ||     2
 Armour: Robe              ||     3
         Leather armour    ||    15
  Dodge: Dodged            ||    47

Levels and vault maps discovered:
D:1:      ldierk_walled_garden_2, layout_basic, hangedman_decor_growths
D:2:      layout_loops_corners, skrybe_limestone_x, minmay_misc_feat_diagonals,
          uniq_jessica, uniq_robin, uniq_crazy_yiuf_cottage

Notes
Turn   | Place    | Note
-------+----------+-------------------------------------------
     0 | D:1      | sanka the Hill Orc Monk began the quest for the Orb.
     0 | D:1      | Reached XP level 1. HP: 19/19 MP: 1/1
   224 | D:1      | Reached XP level 2. HP: 21/27 MP: 2/2
   336 | D:1      | Reached skill level 4 in Fighting
   495 | D:1      | Reached skill level 5 in Axes
   799 | D:2      | Reached XP level 3. HP: 28/33 MP: 3/3
   920 | D:2      | Noticed Robin
   977 | D:2      | Slain by Robin

Vanquished Creatures
  An adder (D:2)
  2 dart slugs
  3 bats (D:1)
  An endoplasm (D:1)
  7 goblins
  5 hobgoblins
  7 kobolds
  A ball python (D:1)
  A frilled lizard (D:1)
28 creatures vanquished.

Vanquished Creatures (others)
  4 toadstools (D:1)
4 creatures vanquished.

Grand Total: 32 creatures vanquished
